| TOP OF THE 1ST |
|
Detroit Red Wings batting - Pitching for New Jersey Devils : RHP Aaron Marcum
|
|
Pitching: RHP Aaron Marcum
|
|
|
Batting: RHB António Scarlett
|
0-0: Called Strike 0-1: Fly out, F6 (Line Drive, 6, EV 67.5 MPH)
|
|
Batting: LHB Duda Pinho
|
0-0: Fly out, F8 (Line Drive, 89M, EV 95.0 MPH)
|
|
Batting: RHB Jorge Lebron
|
0-0: Ball 1-0: Ball 2-0: Ball 3-0: Called Strike 3-1: Base on Balls
|
|
Batting: RHB Harry Tugnut
|
0-0: Foul Ball, location: 2F 0-1: Swinging Strike 0-2: Fly out, F7 (Flyball, 78S, EV 88.1 MPH)
|
| Top of the 1st over - 0 runs, 0 hits, 0 errors, 1 left on base; Detroit 0 - New Jersey 0 |
| BOTTOM OF THE 1ST |
|
New Jersey Devils batting - Pitching for Detroit Red Wings : RHP Bror Wuopio
|
|
Pitching: RHP Bror Wuopio
|
|
|
Batting: LHB Randolph Brodbeck
|
0-0: Ball 1-0: Ball 2-0: Foul Ball, location: 2F 2-1: Fly out, F9 (Flyball, 89S, EV 89.4 MPH)
|
|
Batting: RHB Sergio Andrada
|
0-0: Swinging Strike 0-1: SINGLE (Line Drive, 6D, EV 106.9 MPH)
|
|
Batting: RHB Warren Carmichael
|
0-0: Grounds into double play, 5-4-3 (Groundball, 56S, EV 87.5 MPH)
|
| Bottom of the 1st over - 0 runs, 1 hit, 0 errors, 0 left on base; Detroit 0 - New Jersey 0 |
| TOP OF THE 2ND |
|
Detroit Red Wings batting - Pitching for New Jersey Devils : RHP Aaron Marcum
|
|
Batting: RHB Alex Duarte
|
0-0: Called Strike 0-1: Foul Ball, location: 2F 0-2: Hit by Pitch
|
|
Batting: RHB Dustin Bursell
|
0-0: Swinging Strike 0-1: Ball 1-1: Ball 2-1: Called Strike 2-2: Strikes out swinging
|
|
Batting: LHB Simon Barry
|
0-0: Foul Ball, location: 2F 0-1: Fly out, F8 (Flyball, 78D, EV 104.4 MPH)
|
|
Batting: RHB Carlos Avila
|
0-0: Called Strike 0-1: Foul Ball, location: 2F 0-2: Foul Ball, location: 2F 0-2: Foul Ball, location: 2F 0-2: Foul Ball, location: 2F 0-2: Strikes out swinging
|
| Top of the 2nd over - 0 runs, 0 hits, 0 errors, 1 left on base; Detroit 0 - New Jersey 0 |
| BOTTOM OF THE 2ND |
|
New Jersey Devils batting - Pitching for Detroit Red Wings : RHP Bror Wuopio
|
|
Batting: RHB Jacob Olander
|
0-0: Foul Ball, location: 2F 0-1: Swinging Strike 0-2: Ball 1-2: Strikes out looking
|
|
Batting: LHB Rick Vallis
|
0-0: Ball 1-0: Ball 2-0: Ball 3-0: Called Strike 3-1: Base on Balls
|
|
Batting: SHB Ernesto Mazas
|
0-0: Ball 1-0: Called Strike 1-1: Ball 2-1: Swinging Strike 2-2: Foul Ball, location: 2F 2-2: Foul Ball, location: 2F 2-2: Strikes out swinging
|
|
Batting: RHB Craig Alvarado
|
0-0: Foul Ball, location: 2F 0-1: Called Strike 0-2: Ball 1-2: Ball 2-2: Fielders Choice at 2nd, 5-4 (Groundball, 56, EV 102.5 MPH)
|
| Bottom of the 2nd over - 0 runs, 0 hits, 0 errors, 1 left on base; Detroit 0 - New Jersey 0 |
| TOP OF THE 3RD |
|
Detroit Red Wings batting - Pitching for New Jersey Devils : RHP Aaron Marcum
|
|
Batting: SHB Roderick Speed
|
0-0: Called Strike 0-1: Swinging Strike 0-2: Strikes out swinging
|
|
Batting: RHB António Scarlett
|
0-0: Fly out, F7 (Line Drive, 7LS, EV 93.8 MPH)
|
|
Batting: LHB Duda Pinho
|
0-0: Ball 1-0: Ball 2-0: Foul Ball, location: 2F 2-1: Ball 3-1: Foul Ball, location: 2F 3-2: TRIPLE (Flyball, 9LD, EV 107.5 MPH)
|
|
Batting: RHB Jorge Lebron
|
0-0: Swinging Strike 0-1: Ball 1-1: Foul Ball, location: 2F 1-2: Strikes out swinging
|
| Top of the 3rd over - 0 runs, 1 hit, 0 errors, 1 left on base; Detroit 0 - New Jersey 0 |
| BOTTOM OF THE 3RD |
|
New Jersey Devils batting - Pitching for Detroit Red Wings : RHP Bror Wuopio
|
|
Batting: RHB Oscar Ramirez
|
0-0: SINGLE (Groundball, 25, EV 67.5 MPH) (infield hit)
|
|
Batting: LHB Matt Reynolds
|
0-0: Ball 1-0: Ball 2-0: Ball 3-0: Base on Balls Oscar Ramirez to second
|
|
Batting: LHB Randolph Brodbeck
|
0-0: Foul Ball, location: 2F 0-1: Called Strike 0-2: Fielders Choice at 2nd, 4-6 (Groundball, 4M, EV 88.1 MPH) Oscar Ramirez to third
|
|
Batting: RHB Sergio Andrada
|
0-0: Called Strike 0-1: Called Strike Randolph Brodbeck is caught stealing 2nd base 2-4 0-2: Strikes out swinging
|
| Bottom of the 3rd over - 0 runs, 1 hit, 0 errors, 1 left on base; Detroit 0 - New Jersey 0 |
| TOP OF THE 4TH |
|
Detroit Red Wings batting - Pitching for New Jersey Devils : RHP Aaron Marcum
|
|
Batting: RHB Harry Tugnut
|
0-0: Swinging Strike 0-1: Called Strike 0-2: Strikes out swinging
|
|
Batting: RHB Alex Duarte
|
0-0: Called Strike 0-1: Swinging Strike 0-2: Strikes out looking
|
|
Batting: RHB Dustin Bursell
|
0-0: Called Strike 0-1: Ball 1-1: DOUBLE (Line Drive, 3D, EV 100.0 MPH)
|
|
Batting: LHB Simon Barry
|
0-0: Ball 1-0: Ball 2-0: Ball 3-0: Called Strike 3-1: Base on Balls
|
|
Batting: RHB Carlos Avila
|
0-0: Swinging Strike 0-1: Ball 1-1: Swinging Strike 1-2: Ball 2-2: Ball 3-2: Strikes out swinging
|
| Top of the 4th over - 0 runs, 1 hit, 0 errors, 2 left on base; Detroit 0 - New Jersey 0 |
| BOTTOM OF THE 4TH |
|
New Jersey Devils batting - Pitching for Detroit Red Wings : RHP Bror Wuopio
|
|
Batting: RHB Warren Carmichael
|
0-0: Ball 1-0: Ball 2-0: Ball 3-0: Base on Balls
|
|
Batting: RHB Jacob Olander
|
0-0: Called Strike 0-1: Ball 1-1: Ball 2-1: Foul Ball, location: 2F 2-2: Strikes out swinging
|
|
Batting: LHB Rick Vallis
|
0-0: Ball 1-0: Ball 2-0: Ball 3-0: Base on Balls Warren Carmichael to second
|
|
Batting: SHB Ernesto Mazas
|
0-0: Ball 1-0: Ball 2-0: Called Strike 2-1: Foul Ball, location: 2F 2-2: Ball 3-2: Base on Balls Warren Carmichael to third Rick Vallis to second
|
|
Batting: RHB Craig Alvarado
|
0-0: Foul Ball, location: 2F 0-1: Ball 1-1: Swinging Strike 1-2: Ball 2-2: SINGLE (Groundball, 4MD, EV 95.0 MPH) Warren Carmichael scores Rick Vallis to third Ernesto Mazas to second
|
|
Batting: RHB Oscar Ramirez
|
0-0: Swinging Strike 0-1: Foul Ball, location: 2F 0-2: Strikes out swinging
|
|
Batting: LHB Matt Reynolds
|
0-0: Foul Ball, location: 2F 0-1: Swinging Strike 0-2: Foul Ball, location: 2F 0-2: Foul Ball, location: 2F 0-2: Foul Ball, location: 2F 0-2: Ground out U3 (Groundball, 3, EV 103.8 MPH)
|
| Bottom of the 4th over - 1 run, 1 hit, 0 errors, 3 left on base; Detroit 0 - New Jersey 1 |
| TOP OF THE 5TH |
|
Detroit Red Wings batting - Pitching for New Jersey Devils : RHP Aaron Marcum
|
|
Batting: SHB Roderick Speed
|
0-0: Ball 1-0: Foul Ball, location: 2F 1-1: Called Strike 1-2: Ground out 4-3 (Groundball, 4, EV 81.9 MPH)
|
|
Batting: RHB António Scarlett
|
0-0: Foul Ball, location: 2F 0-1: Called Strike 0-2: Ground out 5-3 (Groundball, 56, EV 83.8 MPH)
|
|
Batting: LHB Duda Pinho
|
0-0: Ball 1-0: Ball 2-0: Ball 3-0: Called Strike 3-1: Swinging Strike 3-2: Base on Balls
|
|
Batting: RHB Jorge Lebron
|
0-0: Ball 1-0: Called Strike 1-1: Swinging Strike 1-2: Strikes out swinging
|
| Top of the 5th over - 0 runs, 0 hits, 0 errors, 1 left on base; Detroit 0 - New Jersey 1 |
| BOTTOM OF THE 5TH |
|
New Jersey Devils batting - Pitching for Detroit Red Wings : RHP Bror Wuopio
|
|
Batting: LHB Randolph Brodbeck
|
0-0: Called Strike 0-1: Foul Ball, location: 2F 0-2: Ball 1-2: Strikes out swinging
|
|
Batting: RHB Sergio Andrada
|
0-0: Swinging Strike 0-1: Foul Ball, location: 2F 0-2: Strikes out swinging
|
|
Batting: RHB Warren Carmichael
|
0-0: Ground out U3 (Groundball, 34, EV 91.2 MPH)
|
| Bottom of the 5th over - 0 runs, 0 hits, 0 errors, 0 left on base; Detroit 0 - New Jersey 1 |
| TOP OF THE 6TH |
|
Detroit Red Wings batting - Pitching for New Jersey Devils : RHP Aaron Marcum
|
|
Batting: RHB Harry Tugnut
|
0-0: Ball 1-0: Fly out, F9 (Flyball, 89M, EV 83.1 MPH)
|
|
Batting: RHB Alex Duarte
|
0-0: Called Strike 0-1: Hit by Pitch
|
|
Batting: RHB Dustin Bursell
|
0-0: Ball 1-0: Fly out, F8 (Line Drive, 89M, EV 93.1 MPH)
|
|
Batting: LHB Simon Barry
|
0-0: Swinging Strike 0-1: Foul Ball, location: 2F 0-2: Strikes out swinging
|
| Top of the 6th over - 0 runs, 0 hits, 0 errors, 1 left on base; Detroit 0 - New Jersey 1 |
| BOTTOM OF THE 6TH |
|
New Jersey Devils batting - Pitching for Detroit Red Wings : RHP Bror Wuopio
|
|
Batting: RHB Jacob Olander
|
0-0: SINGLE (Groundball, 6M, EV 98.1 MPH) (infield hit)
|
|
Batting: LHB Rick Vallis
|
0-0: Ball 1-0: Ball 2-0: Ball 3-0: Base on Balls Jacob Olander to second
|
|
Batting: SHB Ernesto Mazas
|
0-0: Ball 1-0: Fielders Choice at 2nd, 5-4 (Groundball, 5, EV 105.0 MPH) Jacob Olander to third
|
|
Batting: RHB Craig Alvarado
|
0-0: Called Strike 0-1: Ball 1-1: Ball 2-1: 3-RUN HOME RUN (Line Drive, 7LD, EV 91.9 MPH), Distance : 356 ft
|
|
Batting: RHB Oscar Ramirez
|
0-0: Ball 1-0: Ball 2-0: Foul Ball, location: 2F 2-1: Foul Ball, location: 2F 2-2: Ball 3-2: Base on Balls
|
|
Batting: LHB Matt Reynolds
|
0-0: SINGLE (Line Drive, 89S, EV 108.1 MPH) Oscar Ramirez to second
|
|
Batting: LHB Randolph Brodbeck
|
0-0: SINGLE (Line Drive, 9S, EV 95.6 MPH) Oscar Ramirez to third Matt Reynolds to second
|
|
Batting: RHB Sergio Andrada
|
0-0: Ball 1-0: SINGLE (Line Drive, 6D, EV 95.0 MPH) Oscar Ramirez scores Matt Reynolds to third Randolph Brodbeck to second
|
|
Batting: RHB Warren Carmichael
|
0-0: SINGLE (Groundball, 4M, EV 76.9 MPH) (infield hit) Matt Reynolds scores Randolph Brodbeck to third Sergio Andrada to second
|
|
Pitching: RHP Edwin Soto
|
|
|
Batting: RHB Jacob Olander
|
0-0: Ball 1-0: Foul Ball, location: 2F 1-1: Ball 2-1: Foul Ball, location: 2F 2-2: Ball 3-2: Strikes out swinging
|
|
Batting: LHB Rick Vallis
|
0-0: Swinging Strike 0-1: Foul Ball, location: 2F 0-2: Strikes out swinging
|
| Bottom of the 6th over - 5 runs, 6 hits, 0 errors, 3 left on base; Detroit 0 - New Jersey 6 |
| TOP OF THE 7TH |
|
Detroit Red Wings batting - Pitching for New Jersey Devils : RHP Aaron Marcum
|
|
Batting: RHB Carlos Avila
|
0-0: Fly out, F9 (Flyball, 9LM, EV 95.0 MPH)
|
|
Batting: SHB Roderick Speed
|
0-0: Called Strike 0-1: Swinging Strike 0-2: Ball 1-2: Strikes out looking
|
|
Batting: RHB António Scarlett
|
0-0: Swinging Strike 0-1: Foul Ball, location: 2F 0-2: Ball 1-2: Foul Ball, location: 2F 1-2: Strikes out swinging
|
| Top of the 7th over - 0 runs, 0 hits, 0 errors, 0 left on base; Detroit 0 - New Jersey 6 |
| BOTTOM OF THE 7TH |
|
New Jersey Devils batting - Pitching for Detroit Red Wings : RHP Edwin Soto
|
|
Batting: SHB Ernesto Mazas
|
0-0: Called Strike 0-1: Ball 1-1: SINGLE (Line Drive, 4MD, EV 95.0 MPH)
|
|
Batting: RHB Craig Alvarado
|
0-0: Called Strike 0-1: Foul Ball, location: 2F 0-2: Ball 1-2: Ball 2-2: Strikes out swinging
|
|
Batting: RHB Oscar Ramirez
|
0-0: Foul Ball, location: 2F 0-1: Ball Wild Pitch! Ernesto Mazas to second 1-1: Swinging Strike 1-2: Strikes out swinging
|
|
Batting: LHB Matt Reynolds
|
0-0: Foul Ball, location: 2F 0-1: Called Strike 0-2: Strikes out swinging
|
| Bottom of the 7th over - 0 runs, 1 hit, 0 errors, 1 left on base; Detroit 0 - New Jersey 6 |
| TOP OF THE 8TH |
|
Detroit Red Wings batting - Pitching for New Jersey Devils : RHP Aaron Marcum
|
|
Batting: LHB Duda Pinho
|
0-0: Called Strike 0-1: Ball 1-1: Foul Ball, location: 2F 1-2: Strikes out swinging
|
|
Batting: RHB Jorge Lebron
|
0-0: Foul Ball, location: 2F 0-1: Ball 1-1: DOUBLE (Line Drive, 89M, EV 105.0 MPH)
|
|
Batting: RHB Harry Tugnut
|
0-0: Ball 1-0: Foul Ball, location: 2F 1-1: Called Strike 1-2: Hit by Pitch
|
|
Batting: RHB Alex Duarte
|
0-0: Foul Ball, location: 2F 0-1: Ball 1-1: Foul Ball, location: 2F 1-2: Ball 2-2: Ball 3-2: Base on Balls Jorge Lebron to third Harry Tugnut to second
|
|
Batting: RHB Dustin Bursell
|
0-0: Ball 1-0: Grounds into fielders choice U2 (Groundball, 2R, EV 60.6 MPH) Harry Tugnut to third Alex Duarte to second
|
|
Pitching: RHP Justin Vallis
|
|
|
Pinch Hitting: LHB Ryan Adams
|
0-0: Ball 1-0: Swinging Strike 1-1: Ball 2-1: Fly out, F7 (Line Drive, 7D, EV 96.2 MPH)
|
| Top of the 8th over - 0 runs, 1 hit, 0 errors, 3 left on base; Detroit 0 - New Jersey 6 |
| BOTTOM OF THE 8TH |
|
New Jersey Devils batting - Pitching for Detroit Red Wings : RHP Edwin Soto
|
|
Now at 1B: Franklin Garza
|
|
|
Batting: LHB Randolph Brodbeck
|
0-0: Ball 1-0: Ball 2-0: Called Strike 2-1: Foul Ball, location: 2F 2-2: Ground out U3 (Groundball, 3, EV 86.2 MPH)
|
|
Batting: RHB Sergio Andrada
|
0-0: Ground out 5-3 (Groundball, 5L, EV 105.0 MPH)
|
|
Batting: RHB Warren Carmichael
|
0-0: Called Strike 0-1: Swinging Strike 0-2: Ball 1-2: Ball 2-2: Foul Ball, location: 2F 2-2: Ball 3-2: Base on Balls
|
|
Batting: RHB Jacob Olander
|
0-0: Fly out, F8 (Line Drive, 8LM, EV 90.6 MPH)
|
| Bottom of the 8th over - 0 runs, 0 hits, 0 errors, 1 left on base; Detroit 0 - New Jersey 6 |
| TOP OF THE 9TH |
|
Detroit Red Wings batting - Pitching for New Jersey Devils : RHP Justin Vallis
|
|
Pinch Hitting: LHB Iestyn Peacock
|
0-0: Called Strike 0-1: Swinging Strike 0-2: SINGLE (Groundball, 34D, EV 103.1 MPH)
|
|
Pinch Hitting: RHB John Barton
|
0-0: Swinging Strike 0-1: Ball 1-1: Swinging Strike 1-2: Strikes out swinging
|
|
Batting: RHB António Scarlett
|
0-0: Ball 1-0: Foul Ball, location: 2F 1-1: Swinging Strike 1-2: Foul Ball, location: 2F 1-2: Foul Ball, location: 2F 1-2: Fly out, F5 (Line Drive, 5L, EV 63.8 MPH)
|
|
Batting: LHB Duda Pinho
|
0-0: Called Strike 0-1: Called Strike 0-2: Strikes out swinging
|
| Top of the 9th over - 0 runs, 1 hit, 0 errors, 1 left on base; Detroit 0 - New Jersey 6 |
|